[Event "*** Titled Tuesday 3|2 Blitz"]
[Site "Chess.com"]
[Date "2016.05.03"]
[Round "3"]
[White "JusticeBot"]
[Black "attack2mateU"]
[Result "0-1"]
[WhiteElo "2505"]
[BlackElo "2456"]
[TimeControl "180+2"]
[EndTime "17:36:53 PDT"]
[Termination "attack2mateU won by checkmate"]

1. e4 c5 2. c3 d5 3. exd5 Qxd5 4. d4 Nc6 5. Nf3 Bf5 6. Na3 O-O-O 7. Be3 cxd4 8. Nxd4 Nxd4 9. Qxd4 Qxd4 10. Bxd4 e5 11.
Bxa7 Bxa3 12. bxa3 Nf6 13. Bc4 Rd7 14. O-O Bd3 15. Bxd3 Rxd3 16. Rac1 Kd7 17. Bc5 Kc6 18. Bb4 Rhd8 19. Rfe1 Nd7 20. Rcd1 Nb6 21. Rxd3 Rxd3 22. f3 Nc4 23. Re4 Kd5 24. Re2 f5 25. Kf2 b5 26.
Kg3 g5 27. h4 g4 28. h5 gxf3 29. gxf3 e4 30. Rf2 e3 31. Re2 Rd2 32. Re1 Ke5 33.
Bc5 f4+ 34. Kh3 Rf2 35. Kg4 Rg2+ 36. Kh4 Kf5 37. Rh1 Ne5 38. h6 Nxf3+ 39. Kh5 Rg5# 0-1

[Event "*** Titled Tuesday 3|2 Blitz"]
[Site "Chess.com"]
[Date "2016.05.03"]
[Round "3"]
[White "Lying-Ted"]
[Black "brauliocuarta"]
[Result "1-0"]
[WhiteElo "2249"]
[BlackElo "2114"]
[TimeControl "180+2"]
[EndTime "17:36:57 PDT"]
[Termination "Lying-Ted won by resignation"]

1. d4 Nf6 2. Bf4 g6 3. e3 Bg7 4.
Nf3 O-O 5. h3 d6 6. Be2 Nfd7 7.
O-O e5 8. Bh2 f5 9. c3 h6 10. a4 Nc6 11. a5 g5 12. a6 Kh8 13.
b4 Ne7 14. axb7 Bxb7 15. Na3 e4 16. Nd2 Ng6 17. Nac4 Qf6 18. Na5 Bd5 19. c4 Bg8 20. c5 d5 21. Qa4 Qf7 22. Bxc7 f4 23.
Bg4 Nxc5 24. bxc5 Qxc7 25. Qc6 Qf7 26. Bh5 Bh7 27. Nb7 f3 28. Nd6 Qf6 29. gxf3 exf3 30. Qxd5 Nh4 31. N2e4 Qe7 32. Bg4 Bg6 33. Qe6 Qc7 34.
Rfb1 Rab8 35. Qd7 Qxd7 36. Bxd7 Rxb1+ 37. Rxb1 a5 38. c6 Bf5 39. Nxf5 Nxf5 40. Bxf5 Rxf5 41.
c7 Rf8 42. Rb8 1-0

[Event "*** Titled Tuesday 3|2 Blitz"]
[Site "Chess.com"]
[Date "2016.05.03"]
[Round "3"]
[White "AkshatChandra"]
[Black "jcibarra"]
[Result "0-1"]
[WhiteElo "2681"]
[BlackElo "2581"]
[TimeControl "180+2"]
[EndTime "17:37:19 PDT"]
[Termination "jcibarra won by checkmate"]

1. e4 c5 2. Nf3 e6 3. d4 cxd4 4.
Nxd4 a6 5. Bd3 Nf6 6. O-O e5 7.
Bg5 d6 8. Nf5 Be6 9. c4 Nbd7 10.
Nc3 h6 11. Be3 g6 12. h3 Rc8 13. Qe2 Nxe4 14. Bxe4 gxf5 15. Bxb7 Rb8 16. Bxa6 f4 17. Bc1 Rg8 18. Qh5 Qb6 19. Bb5 Qb7 20. f3 Rg5 21.
Qh4 Rg6 22. Kh1 Be7 23. Qf2 Kf8 24. a4 Nf6 25. a5 Nh5 26. a6 Qc8 27. a7 Ra8 28.
Kh2 Bxc4 29. Bxc4 Qxc4 30. Rd1 Bd8 31. Ra4 Qc6 32. Qe2 Bb6 33. Qb5 Qc7 34. Nd5 Qc2 35. Rd2 Qxc1 36. Re2 Qg1# 0-1

[Event "*** Titled Tuesday 3|2 Blitz"]
[Site "Chess.com"]
[Date "2016.05.03"]
[Round "3"]
[White "asms9699"]
[Black "Kawhi_Leonard2"]
[Result "1-0"]
[WhiteElo "2379"]
[BlackElo "2111"]
[TimeControl "180+2"]
[EndTime "17:37:29 PDT"]
[Termination "asms9699 won by resignation"]

1. c4 Nf6 2. g3 e6 3. Nf3 d5 4. b3 Be7 5. Bg2 O-O 6. O-O a5 7. Bb2 a4 8. e3 Nc6 9. Qe2 b6 10. d3 Bb7 11. Nc3 axb3 12. axb3 Qd7 13. Nb5 dxc4 14.
bxc4 Rxa1 15. Rxa1 Ra8 16. Rxa8+ Bxa8 17. Bc3 Qd8 18. Qa2 Ne8 19. d4 Nf6 20. h3 Ne4 21. Nxc7 Bb7 22. Nb5 Nxc3 23. Nxc3 Na5 24. Qa4 Bc6 25. Qa2 Bb7 26. Ne5 Bxg2 27. Kxg2 Bd6 28. Nf3 Qc7 29. c5 Be7 30. Nb5 Qd8 31. cxb6 Qxb6 32.
Qa4 g6 33. Nc3 Bd6 34. Ne4 Be7 35. Qe8+ Bf8 36. Nf6+ Kg7 37. Qxf8+ Kxf8 38. Nd7+ 1-0

[Event "*** Titled Tuesday 3|2 Blitz"]
[Site "Chess.com"]
[Date "2016.05.03"]
[Round "3"]
[White "yarosavich"]
[Black "exoticprincess"]
[Result "0-1"]
[WhiteElo "2538"]
[BlackElo "2857"]
[TimeControl "180+2"]
[EndTime "17:37:35 PDT"]
[Termination "exoticprincess won by checkmate"]

1. d4 Nf6 2. c4 g6 3. Nf3 Bg7 4. Nc3 O-O 5. e4 c6 6. Be2 d5 7. e5 Ne8 8. O-O Nc7 9. Be3 dxc4 10. Bxc4 Nd7 11. Re1 Nb6 12. Bb3 h6 13. h3 Kh7 14.
Bc2 Nbd5 15. Ne4 Nb4 16. Bb1 Nbd5 17. Bc2 Nxe3 18. fxe3 f5 19. Nc5 b6 20. Nd3 Nd5 21. Rc1 Bb7 22. Bb3 Rc8 23. Nf4 Qd7 24. Qd2 e6 25.
Qf2 Qf7 26. a3 g5 27. Nxd5 cxd5 28. Rxc8 Rxc8 29. g4 Kg8 30. Bc2 fxg4 31. Bh7+ Kh8 32. hxg4 Rf8 33. Rf1 Ba6 34. Bb1 Bxf1 35. Qc2 Qg8 36.
Nxg5 Bxe5 37. dxe5 hxg5 38. Qh2+ Kg7 39. Qh5 Rc8 40.
Qxg5+ Kf7 41. Qf6+ Ke8 42. Bg6+ Kd7 43. Bf7 Qxg4+ 44. Kxf1 Rc1+ 45. Kf2 Rc2+ 46. Kf1 Qd1# 0-1

[Event "*** Titled Tuesday 3|2 Blitz"]
[Site "Chess.com"]
[Date "2016.05.03"]
[Round "3"]
[White "davidarenas1224"]
[Black "chess960now"]
[Result "1-0"]
[WhiteElo "2183"]
[BlackElo "2008"]
[TimeControl "180+2"]
[EndTime "17:37:39 PDT"]
[Termination "davidarenas1224 won on time"]

1. e4 c5 2. Nf3 d6 3. d4 cxd4 4. Nxd4 Nf6 5. Nc3 a6 6. Be2 e5 7.
Nb3 Be7 8. O-O Be6 9. Kh1 Nbd7 10. f4 exf4 11. Bxf4 Ne5 12. Qe1 O-O 13.
Rd1 Qc7 14. Nd4 b5 15. a3 Rfd8 16. Bc1 Rac8 17. Nf5 Bf8 18. Qg3 Ng6 19. Bg5 d5 20. Qf2 dxe4 21. Bxf6 gxf6 22. Nxe4 Qxc2 23. Nxf6+ Kh8 24.
Nd4 Qxb2 25. Nh5 Be7 26. Rd3 Rc3 27. Rdd1 Rxa3 28. Nc6 Rxd1 29. Rxd1 Ra1 30. Qe3 Rxd1+ 31. Bxd1 Qa1 32. Qf3 1-0

[Event "*** Titled Tuesday 3|2 Blitz"]
[Site "Chess.com"]
[Date "2016.05.03"]
[Round "3"]
[White "Dlugy"]
[Black "Elshan1985"]
[Result "1-0"]
[WhiteElo "2593"]
[BlackElo "2560"]
[TimeControl "180+2"]
[EndTime "17:37:53 PDT"]
[Termination "Dlugy won by resignation"]

1. d4 Nc6 2. Nf3 d5 3. Bf4 Bg4 4. e3 e6 5. Be2 Bd6 6. Bg3 Nge7 7. Nbd2 Nf5 8. Bxd6 Nxd6 9. h3 Bh5 10. O-O O-O 11. c3 b5 12. a4 a6 13. Nb3 Nc4 14. Qc1 e5 15. dxe5 N6xe5 16. Nxe5 Bxe2 17. Re1 Nxe5 18. Rxe2 Qd6 19. e4 dxe4 20. Rxe4 c5 21. axb5 axb5 22.
Rxa8 Rxa8 23. Qe3 f6 24. f4 Ng6 25. Nxc5 h5 26. Rd4 Qc6 27. Qe6+ Qxe6 28. Nxe6 Ra2 29. Rd7 Kh8 30. g3 Rxb2 31. Rxg7 Nf8 32. Re7 Nxe6 33. Rxe6 Kg7 34. f5 Rb3 35. Rc6 b4 36. cxb4 Rxg3+ 37. Kh2 Rb3 38. Rc4 Kh6 39. h4 Rf3 40. b5 Rxf5 41. Rb4 Rd5 42. b6 Rd8 43. b7 Rb8 44. Kg3 Kg6 45. Kf4 Kf7 46. Kf5 Ke7 47. Rb6 Kd7 48.
Rxf6 Kc7 49. Rf7+ Kd6 50. Kg6 Rh8 51. Rh7 Rg8+ 52. Kxh5 Kc6 53. Rg7 Rh8+ 54. Kg5 Kb6 55. h5 Ka7 56. h6 1-0

[Event "*** Titled Tuesday 3|2 Blitz"]
[Site "Chess.com"]
[Date "2016.05.03"]
[Round "3"]
[White "chito89"]
[Black "Aguiar94"]
[Result "1-0"]
[WhiteElo "2634"]
[BlackElo "2390"]
[TimeControl "180+2"]
[EndTime "17:37:57 PDT"]
[Termination "chito89 won by resignation"]

1. e4 c5 2. Nf3 e6 3. g3 Nc6 4. Bg2 Nf6 5. Qe2 d6 6. O-O Be7 7. c3 e5 8. Rd1 O-O 9. d4 cxd4 10.
cxd4 Bg4 11. dxe5 Nxe5 12. Nc3 Rc8 13. Bf4 Qa5 14. h3 Nxf3+ 15. Bxf3 Bxh3 16. Bxd6 Bxd6 17.
Rxd6 Rfe8 18. Rad1 a6 19. Qe3 Ng4 20. Qb6 Qg5 21.
Qxb7 Ne5 22. Be2 Rb8 23. Qxa6 Rxb2 24. Qa3 Rbb8 25. R6d5 Be6 26. Rc5 Rbc8 27. Nd5 Rxc5 28. Qxc5 Bg4 29. Qc2 Nf3+ 30. Kg2 Qh5 31. Nf4 Qe5 32.
Bxf3 Bc8 33. Qd3 g6 34. Qd4 Qa5 35. Nd5 Qxa2 36. Nf6+ 1-0

[Event "*** Titled Tuesday 3|2 Blitz"]
[Site "Chess.com"]
[Date "2016.05.03"]
[Round "3"]
[White "ChrisTool2"]
[Black "MbMaster"]
[Result "0-1"]
[WhiteElo "2212"]
[BlackElo "2219"]
[TimeControl "180+2"]
[EndTime "17:37:57 PDT"]
[Termination "MbMaster won by checkmate"]

1. d4 Nf6 2. c4 e6 3. Nf3 d5 4. Nc3 c5 5. cxd5 Nxd5 6. g3 Nc6 7. Bg2 Nb6 8. Be3 Nc4 9. O-O Nxe3 10. fxe3 Be7 11.
Qa4 O-O 12. Rad1 Qb6 13. Qb5 Nb4 14. a3 Qxb5 15. Nxb5 Nd5 16. Kf2 a6 17. Nc3 Nxc3 18.
bxc3 cxd4 19. exd4 Bxa3 20. Ne5 Be7 21. Rb1 Ra7 22. Rb3 b5 23. Nc6 Rc7 24. Ra1 Bd6 25. e3 Bb7 26. Nb4 Bxg2 27. Kxg2 Bxb4 28. cxb4 Rc6 29.
Rba3 Ra8 30. Ra5 Rb6 31. Kf3 g6 32. Rc1 Ra7 33. Rc8+ Kg7 34. Ke4 Rd7 35. Ra8 Rdd6 36. Kd3 Rbc6 37. e4 Rc4 38. R8xa6 Rcxd4+ 39. Ke3 Rd3+ 40. Ke2 Rd2+ 41. Ke3 R6d3+ 42. Kf4 h5 43. Rxb5 f6 44. Rb7+ Kh6 45. e5 f5 46. Rxe6 Rf2# 0-1

[Event "*** Titled Tuesday 3|2 Blitz"]
[Site "Chess.com"]
[Date "2016.05.03"]
[Round "3"]
[White "Tirantes"]
[Black "GianmarcoVaR"]
[Result "1-0"]
[WhiteElo "2211"]
[BlackElo "2330"]
[TimeControl "180+2"]
[EndTime "17:37:59 PDT"]
[Termination "Tirantes won by checkmate"]

1. c4 Nf6 2. g3 c6 3. b3 d5 4. Bb2 d4 5. Nf3 c5 6. b4 Qb6 7. Qb3 Nc6 8. bxc5 Qxb3 9. axb3 e5 10. Bg2 Bxc5 11. O-O Bf5 12. d3 h6 13. Ba3 Bxa3 14. Nxa3 Nd7 15. Nc2 g5 16. b4 f6 17.
Nd2 Ke7 18. Ne4 Rhc8 19. e3 a6 20. f4 dxe3 21. Nxe3 Bxe4 22. Bxe4 gxf4 23. Nd5+ Kd6 24. gxf4 Rg8+ 25. Kh1 Raf8 26. f5 Ndb8 27. Rg1 Rg5 28.
h4 Rh5 29. Rg4 b5 30. c5+ Kd7 31. Kh2 Rf7 32. Kh3 Ne7 33. Rg8 Nxf5 34. Bxf5+ Rxf5 35. Rxb8 Kc6 36. Nc3 Rf3+ 37. Kg4 Rxd3 38. Rxa6+ Kc7 39. Rab6 f5+ 40. Kh5 Rfd7 41. Nxb5# 1-0

[Event "*** Titled Tuesday 3|2 Blitz"]
[Site "Chess.com"]
[Date "2016.05.03"]
[Round "3"]
[White "Gevorg_Harutjunyan"]
[Black "dretch"]
[Result "1-0"]
[WhiteElo "2639"]
[BlackElo "2582"]
[TimeControl "180+2"]
[EndTime "17:38:09 PDT"]
[Termination "Gevorg_Harutjunyan won by resignation"]

1. Nf3 d5 2. g3 Bg4 3. Bg2 Nd7 4.
O-O e6 5. b3 Bd6 6. Bb2 Ngf6 7.
d3 O-O 8. Nbd2 Bh5 9. c4 Re8 10. a3 a5 11. Qc2 c6 12. h3 h6 13. e4 dxe4 14. dxe4 Qc7 15. Rfe1 Bg6 16. Bc3 b5 17. b4 axb4 18. axb4 Rxa1 19. Bxa1 Bxb4 20.
cxb5 c5 21. Rd1 Qb7 22. Nh4 Bh7 23. Nc4 Nxe4 24. Nd6 Nxd6 25. Qb2 Nf6 26. Bxb7 Nxb7 27. Rd7 Na5 28. Ra7 Rd8 29. Kh2 Be4 30. Qe5 Rd1 31. Ng2 Nc4 32. Qc7 Bg6 33. Bxf6 Nd2 34. Nh4 Nf1+ 35. Kg2 Be4+ 36. f3 Ne3+ 37. Kf2 Rf1+ 38.
Kxe3 Re1+ 39. Kf2 1-0

[Event "*** Titled Tuesday 3|2 Blitz"]
[Site "Chess.com"]
[Date "2016.05.03"]
[Round "3"]
[White "NaziPaiki"]
[Black "Dr-Bassem"]
[Result "1-0"]
[WhiteElo "2684"]
[BlackElo "2569"]
[TimeControl "180+2"]
[EndTime "17:38:10 PDT"]
[Termination "NaziPaiki won by resignation"]

1. d4 e6 2. c4 f5 3. g3 Nf6 4.
Bg2 Be7 5. Nf3 O-O 6. O-O d6 7. b3 Qe8 8. Bb2 Qg6 9. Nc3 Ne4 10. Qc2 Bf6 11. Nxe4 fxe4 12. Nd2 d5 13. e3 Nc6 14. a3 Qh6 15. Rae1 Ne7 16. f4 c6 17. a4 Qg6 18.
Ba3 h5 19. Bxe7 Bxe7 20. Nf3 Bd6 21. Ne5 Bxe5 22. fxe5 Bd7 23. Qd2 Qg5 24. Rf4 Qe7 25. Ref1 Rxf4 26. Rxf4 Rf8 27. c5 b6 28. Rxf8+ Kxf8 29.
b4 bxc5 30. bxc5 Qd8 31. Qb4 Qc7 32. a5 Bc8 33. Bf1 Ke8 34. Be2 g6 35. Kg2 Qb7 36.
Qxb7 Bxb7 37. g4 hxg4 38. Bxg4 Kf7 39. Kg3 Ba6 40. Kf4 Bc4 41. Kg5 Bd3 42. h4 Ba6 43. Bxe6+ Kxe6 44. Kxg6 Ke7 45. h5 Kf8 46. h6 Kg8 47.
h7+ Kh8 48. e6 Bc8 49. e7 Bd7 50. Kf7 Kxh7 51. e8=Q Bxe8+ 52. Kxe8 Kg6 53. Kd7 Kf5 54. Kxc6 Kg4 55. Kxd5 Kf3 56. c6 Kxe3 57. c7 1-0

[Event "*** Titled Tuesday 3|2 Blitz"]
[Site "Chess.com"]
[Date "2016.05.03"]
[Round "3"]
[White "chessking2151"]
[Black "KNVB"]
[Result "1-0"]
[WhiteElo "2318"]
[BlackElo "2550"]
[TimeControl "180+2"]
[EndTime "17:38:15 PDT"]
[Termination "chessking2151 won on time"]

1. e4 b6 2. d4 Bb7 3. Bd3 e6 4. Nf3 d5 5. exd5 Qxd5 6. O-O Nf6 7. c4 Qh5 8. Ne5 Qxd1 9. Rxd1 Nbd7 10. Nc3 Nxe5 11.
dxe5 Nd7 12. f4 O-O-O 13. Be3 Bc5 14. Bxc5 Nxc5 15. Bc2 a5 16. a3 h6 17. b4 axb4 18.
axb4 Na6 19. b5 Nc5 20. Kf2 g5 21. f5 exf5 22. Bxf5+ Kb8 23. Nd5 Rhe8 24. Ne3 Rxd1 25. Rxd1 Rxe5 26. Rd8+ Ka7 27. Rf8 Re7 28. Rh8 Ne4+ 29.
Bxe4 Bxe4 30. Rxh6 f5 31. g3 Rd7 32. Ke2 f4 33. gxf4 gxf4 34. Ng4 Bd3+ 35. Kf3 Bxc4 36. Ne5 Bd5+ 37. Kxf4 Rg7 38. h4 Kb7 39. h5 Bb3 40. Rg6 Rh7 41. h6 Ba4 42. Kg5 Re7 43. Kf6 Rh7 44.
Nf7 Bxb5 45. Rg7 Bd3 46. Rxh7 Bxh7 47. Ng5 Bd3 48. Ke5 Kc6 49. Ne4 1-0

[Event "*** Titled Tuesday 3|2 Blitz"]
[Site "Chess.com"]
[Date "2016.05.03"]
[Round "3"]
[White "platy3"]
[Black "GM_Huschenbeth"]
[Result "0-1"]
[WhiteElo "2644"]
[BlackElo "2471"]
[TimeControl "180+2"]
[EndTime "17:38:24 PDT"]
[Termination "GM_Huschenbeth won by resignation"]

1. e4 e6 2. d4 d5 3. Nc3 Bb4 4. e5 c5 5. a3 Bxc3+ 6. bxc3 Ne7 7. Qg4 O-O 8. Bd3 Nbc6 9. Nf3 f5 10. exf6 Rxf6 11. Bg5 Rf7 12. Ne5 Nxe5 13. dxe5 Qa5 14.
O-O Qxc3 15. Bxe7 Rxe7 16. Bxh7+ Kf8 17. Bg6 Qxe5 18. Qh4 Rd7 19. Rfe1 Qf6 20. Qg3 Re7 21. Re5 Bd7 22. Rae1 Be8 23. Bf5 Bf7 24. c3 Rae8 25. Bc2 Kg8 26. R1e3 Rf8 27. Rg5 d4 28. cxd4 cxd4 29.
Rf3 Qh6 30. Rf4 Rc8 31. Bd1 Rc1 32. Rxd4 Bh5 33. Rd8+ Re8 34. Rxe8+ Bxe8 35. h4 Rxd1+ 36. Kh2 Rd4 37. f4 Bc6 38. Rg6 Qh7 39. Qg5 Rd2 40.
Kh3 Bxg2+ 41. Kg3 Be4 42. f5 Rg2+ 0-1

[Event "*** Titled Tuesday 3|2 Blitz"]
[Site "Chess.com"]
[Date "2016.05.03"]
[Round "3"]
[White "Hikaru"]
[Black "TheCount"]
[Result "1-0"]
[WhiteElo "2840"]
[BlackElo "2537"]
[TimeControl "180+2"]
[EndTime "17:38:35 PDT"]
[Termination "Hikaru won by resignation"]

1. c4 Nf6 2. Nc3 d5 3. cxd5 Nxd5 4. Qa4+ Nc6 5. g3 g6 6. Bg2 Nxc3 7. Bxc6+ bxc6 8.
Qxc6+ Bd7 9. Qxc3 Rg8 10. Nf3 Bg7 11. Qc2 Rb8 12. Rb1 Bh3 13. b3 Bg2 14. Rg1 Bxf3 15. exf3 Qd5 16. Qe4 Qa5 17. a4 Kf8 18. Ba3 Bf6 19. Kf1 Qxd2 20. Kg2 Qa2 21. Bc5 Rxb3 22. Rxb3 Qxb3 23. Rb1 Qe6 24. Qxe6 fxe6 25. Rb8+ Kf7 26.
Rxg8 Kxg8 27. Bxa7 Bc3 28. f4 Kf7 29. Kf3 Ke8 30. Ke4 Kd7 31. Bc5 Ba5 32. g4 Be1 33.
f3 Bd2 34. h3 h5 35. Ba3 Be1 36. gxh5 gxh5 37. f5 exf5+ 38. Kxf5 Bf2 39. Kg5 h4 40. Kf5 c5 41. Ke4 Kc6 42. Bc1 c4 43. Bg5 e6 44.
Bd2 Kc5 45. Bc3 Bg1 46. Ke5 Bf2 47. a5 Kb5 48. Kxe6 Bc5 49. Kd5 Bb4 50. a6 Bc5 51.
Bd4 Bxd4 52. Kxd4 Kxa6 53. Kxc4 1-0

[Event "*** Titled Tuesday 3|2 Blitz"]
[Site "Chess.com"]
[Date "2016.05.03"]
[Round "3"]
[White "Newlight1"]
[Black "ZEN-22"]
[Result "1/2-1/2"]
[WhiteElo "2246"]
[BlackElo "2402"]
[TimeControl "180+2"]
[EndTime "17:38:37 PDT"]
[Termination "Game drawn by agreement"]

1. e4 c5 2. b4 cxb4 3. a3 d5 4. exd5 Qxd5 5. Nf3 e5 6. c4 Qe6 7. Bd3 e4 8. O-O Qf6 9. Bxe4 Qxa1 10. Re1 Be7 11.
Qb3 Qf6 12. axb4 Nc6 13. b5 Nd8 14. Bb2 Qh6 15. Ba3 Ne6 16. c5 Nf6 17. c6 Nxe4 18. Bxe7 Kxe7 19. Rxe4 Rd8 20. Qb4+ Ke8 21. Ne5 a5 22.
bxa6 bxc6 23. Nxc6 Qf6 24. Nxd8 Qxd8 25. Qb5+ Qd7 26. Nc3 Bxa6 27. Qe5 Kf8 28. h4 h6 29.
Nd5 Bb7 30. Nb6 Qxd2 31. Nxa8 Bxe4 32. Qxe4 Qc1+ 33. Kh2 Qc5 34. Qe3 Qb4 35. g3 Qb8 36. Nb6 Kg8 37. Nd5 Qd6 38. Nf4 Nxf4 39. Qxf4 Qxf4 40.
gxf4 Kf8 41. Kg3 f5 42. h5 Kf7 43. Kf3 Kf6 44. Ke3 Ke6 45. Kd4 g6 46. hxg6 h5 47.
Ke3 Kf6 48. Kf3 h4 49. Kg2 Kxg6 50. Kh3 Kh5 51. f3 Kh6 52. Kxh4 Kg6 53. Kg3 1/2-1/2

[Event "*** Titled Tuesday 3|2 Blitz"]
[Site "Chess.com"]
[Date "2016.05.03"]
[Round "3"]
[White "GMG"]
[Black "DanielNaroditsky"]
[Result "0-1"]
[WhiteElo "2436"]
[BlackElo "2649"]
[TimeControl "180+2"]
[EndTime "17:38:45 PDT"]
[Termination "DanielNaroditsky won by resignation"]

1. d4 Nf6 2. c4 e6 3. Nf3 d5 4.
Nc3 Bb4 5. cxd5 exd5 6. Bf4 Ne4 7.
Rc1 Nc6 8. e3 g5 9. Bg3 h5 10.
h4 Nxg3 11. fxg3 g4 12. Nd2 Bd6 13. Ne2 Qe7 14. Qb3 O-O 15. Kf2 Re8 16. Nf4 Bxf4 17. gxf4 a5 18. a3 a4 19. Qc3 g3+ 20. Kxg3 Qxe3+ 21. Qxe3 Rxe3+ 22. Kf2 Re7 23. Nf3 Bg4 24. Be2 Bxf3 25.
Bxf3 Nxd4 26. Bxh5 Nb3 27. Rce1 Rae8 28. Rxe7 Rxe7 29.
Bf3 d4 30. g4 c5 31. g5 c4 32. h5 c3 33. bxc3 dxc3 34. Bd1 Rd7 35. Bg4 Rd4 36. Ke3 c2 37. h6 Rd6 38. Bf3 c1=Q+ 39. Rxc1 Nxc1 40.
Bxb7 Rd3+ 41. Ke4 Rxa3 42. f5 Rh3 43. Ke5 a3 44. Bd5 a2 45. Bxa2 Nxa2 46. Kf6 Nb4 47. Ke5 Nd3+ 48. Kf6 Nf4 49. Ke5 Rh4 50. Kf6 Nh3 51. h7+ Rxh7 52. g6 fxg6 53. fxg6 Rg7 54. Kf5 Nf4 0-1

[Event "*** Titled Tuesday 3|2 Blitz"]
[Site "Chess.com"]
[Date "2016.05.03"]
[Round "3"]
[White "RamonManon0g"]
[Black "tactics321"]
[Result "0-1"]
[WhiteElo "2255"]
[BlackElo "2155"]
[TimeControl "180+2"]
[EndTime "17:38:57 PDT"]
[Termination "tactics321 won by resignation"]

1. d4 Nf6 2. Bg5 d5 3. Bxf6 exf6 4. e3 Bd6 5. g3 O-O 6. Bg2 c6 7. Ne2 Nd7 8. O-O f5 9. Nd2 Nf6 10. b3 Re8 11. c4 Bc7 12. c5 Ne4 13. b4 g6 14. a4 Bd7 15. Rb1 a6 16. Nf4 Bxf4 17. gxf4 Kh8 18. Nxe4 dxe4 19. Qb3 Be6 20. Qb2 Bd5 21. b5 axb5 22. axb5 g5 23. fxg5 Qxg5 24. Kh1 Rg8 25. Rg1 Qh4 26. bxc6 bxc6 27. Qe2 Rg6 28. Bf1 Rxg1+ 29. Kxg1 Rg8+ 30. Kh1 f4 31. exf4 Qxf4 32. Bg2 Qg5 33. f3 e3 34. Re1 f5 35. Rg1 f4 36.
Qf1 Qh5 37. Qe2 Ra8 38. Rf1 Ra2 39. Qe1 Rxg2 40. Kxg2 Qg4+ 41. Kh1 Bxf3+ 42. Rxf3 Qxf3+ 43. Kg1 Qg4+ 44. Kf1 f3 45. Qg3 Qxd4 46. Qxf3 Qxc5 47. Qf6+ Kg8 48. Qd8+ Kg7 49. Qd7+ Kh6 50. Qh3+ Kg6 51. Qg4+ Kf6 52. Qh4+ Qg5 53. Qd4+ Qe5 54. Qd8+ Kg6 55. Qg8+ Kh6 56. Qf8+ Kh5 57. Qf7+ Kg5 58. Qg8+ Kf4 59. Qc4+ Qe4 60. Qf7+ Ke5 61. Qe7+ Kd4 62. Qb4+ Kd3 63. Qb3+ Kd2 64. Qb2+ Qc2 65. Qd4+ Qd3+ 66. Qxd3+ Kxd3 67. Ke1 e2 68. h4 c5 0-1

[Event "*** Titled Tuesday 3|2 Blitz"]
[Site "Chess.com"]
[Date "2016.05.03"]
[Round "3"]
[White "gmjoey1"]
[Black "rookoco"]
[Result "0-1"]
[WhiteElo "2521"]
[BlackElo "2443"]
[TimeControl "180+2"]
[EndTime "17:39:00 PDT"]
[Termination "rookoco won by resignation"]

1. e4 e5 2. Nf3 Nc6 3. Bb5 a6 4. Ba4 Nf6 5. d3 d6 6. O-O g6 7. d4 Bd7 8. c3 Bg7 9. Re1 O-O 10. h3 Qe8 11. Bb3 Kh8 12. Nbd2 Nh5 13. Nf1 Nd8 14. g4 Nf6 15. Ng3 h6 16. Be3 Nh7 17. Qd2 h5 18.
gxh5 Bxh3 19. Bh6 Bg4 20. Bxg7+ Kxg7 21. h6+ Kh8 22. Nh2 Bh3 23. f4 Ne6 24. fxe5 dxe5 25. dxe5 Rd8 26. Qe3 Qb5 27. Nf3 Bg4 28. Bd5 c6 29. a4 Qa5 30. Bxe6 Bxe6 31. Qf4 Qb6+ 32.
Kh1 Qxb2 33. Ng5 Rd2 34. Nf1 Rf2 35. Qh4 Nxg5 36. Qxg5 Qxc3 37. Ne3 Qd2 38. Rf1 Rh2+ 39. Kg1 Kh7 40. Rad1 Qe2 41. Rde1 Qh5 42. Qxh5 Rxh5 43. a5 Rxe5 44. Rb1 Bc8 45. Nc4 Rxe4 46. Nd6 Re7 47. Rbe1 Be6 48. Rb1 Kxh6 49. Nxb7 Rb8 50. Nc5 Rxb1 51.
Rxb1 Bc4 52. Rb6 Bb5 53. Nxa6 Ra7 54. Nb8 Rxa5 55. Kf2 f5 56. Ke3 Kg5 57. Nd7 Ra3+ 58. Kd4 Rd3+ 59. Kc5 Rxd7 60. Rb8 f4 61. Rf8 Rd5+ 62.
Kb4 Rf5 63. Kc3 Rxf8 0-1

[Event "*** Titled Tuesday 3|2 Blitz"]
[Site "Chess.com"]
[Date "2016.05.03"]
[Round "3"]
[White "GrigorGrigorov"]
[Black "HansCoolNiemann"]
[Result "0-1"]
[WhiteElo "2524"]
[BlackElo "2290"]
[TimeControl "180+2"]
[EndTime "17:39:08 PDT"]
[Termination "HansCoolNiemann won on time"]

1. Nf3 c5 2. e3 Nc6 3. c4 Nf6 4.
Nc3 d5 5. cxd5 Nxd5 6. Bc4 e6 7. d4 Nb6 8. Bd3 cxd4 9. exd4 Be7 10. a3 O-O 11. O-O Bf6 12. Be3 Nd5 13. Rc1 Bd7 14. Nxd5 exd5 15. Bb1 Bg4 16. Rc5 Qd6 17. h3 Bh5 18. g4 Bg6 19. Qb3 Be4 20. Bxe4 dxe4 21. Qxb7 Nxd4 22. Bxd4 Bxd4 23. Nxd4 Qxc5 24. Nf5 g6 25.
Ne3 Rab8 26. Qxe4 Rfe8 27. Qf4 Qe5 28. Qxe5 Rxe5 29. Rd1 Re7 30. b4 Rc7 31. Nd5 Rc4 32.
Rd3 Kg7 33. Ne3 Re4 34. Kg2 Rbe8 35. Kf3 R4e7 36. Rd5 Rc7 37. a4 Rb8 38. b5 Rbb7 39. Rd6 Rc5 40. Ra6 Re5 41. Nc2 Rd7 42. Ne3 Rc5 43. Ke4 Rc3 44. g5 Rb3 0-1

[Event "*** Titled Tuesday 3|2 Blitz"]
[Site "Chess.com"]
[Date "2016.05.03"]
[Round "3"]
[White "chorejason"]
[Black "FearNoEvil12"]
[Result "0-1"]
[WhiteElo "2030"]
[BlackElo "1952"]
[TimeControl "180+2"]
[EndTime "17:39:24 PDT"]
[Termination "FearNoEvil12 won by resignation"]

1. e4 c5 2. d4 cxd4 3. Nf3 Nc6 4.
Nxd4 d6 5. Nc3 Nf6 6. Bc4 e6 7. O-O Be7 8. Bb3 O-O 9. Be3 a6 10. a4 Qc7 11. f4 e5 12. Nde2 exf4 13. Nxf4 Ne5 14. Nfd5 Nxd5 15. Nxd5 Qd8 16. h3 Bg5 17. Bb6 Qd7 18. Qh5 h6 19. Bd4 Qc6 20. Bxe5 dxe5 21. Rxf7 Rxf7 22. Ne7+ Bxe7 23. Qxf7+ Kh7 24. Qxe7 Bd7 25.
Bd5 Re8 26. Qf7 Qc5+ 27. Kh2 Qe7 28. Qxe7 Rxe7 29. Rf1 Be6 30. Bxe6 Rxe6 31. Rf7 Rb6 32. b3 Rb4 33. Re7 Rxe4 34. Rxb7 Re2 35. c4 e4 36. Re7 Kg6 37. Kg3 Kf6 38. Re8 Kf5 39. c5 Re3+ 40.
Kf2 Rxb3 41. c6 Rc3 42. Rc8 Kf4 43. c7 Rc2+ 44. Ke1 Kg3 45. Kd1 Rc6 46. Kd2 Kxg2 47. Ke3 Kxh3 48. Kxe4 g5 49. Kd5 Rc1 50. Kd6 h5 51.
Rh8 h4 52. c8=Q+ Rxc8 53. Rxc8 g4 54. Ke5 g3 55. Rg8 g2 56. Kf4 Kh2 57. Rh8 h3 58.
Rg8 g1=Q 59. Rxg1 Kxg1 60. Ke5 h2 61. Kd5 h1=Q+ 62. Kc5 Qh6 0-1

[Event "*** Titled Tuesday 3|2 Blitz"]
[Site "Chess.com"]
[Date "2016.05.03"]
[Round "3"]
[White "Mischuk_D"]
[Black "Boryboy"]
[Result "1/2-1/2"]
[WhiteElo "2438"]
[BlackElo "2534"]
[TimeControl "180+2"]
[EndTime "17:39:52 PDT"]
[Termination "Game drawn - insufficient material"]

1. e4 e6 2. d4 d5 3. Bd3 dxe4 4. Bxe4 Nf6 5. Bf3 c5 6. Be3 Nd5 7. Ne2 Nxe3 8. fxe3 Be7 9. O-O O-O 10. Nbc3 a6 11.
Ne4 cxd4 12. exd4 Nc6 13. c3 Qc7 14. Qe1 b6 15. Qf2 Bb7 16. N2g3 Rad8 17. Bh5 f5 18. Nd2 g6 19. Bf3 e5 20. Nb3 exd4 21.
Bxc6 Bxc6 22. Nxd4 Bb7 23. Kh1 Bc5 24. Rad1 Rfe8 25.
Nge2 Qf7 26. Nf4 Qxa2 27. h4 Qf7 28. b4 Bf8 29. Qg3 Kh8 30. Rfe1 Rxe1+ 31. Rxe1 Be4 32.
Nfe6 Re8 33. Nxf8 Qxf8 34. Kh2 a5 35. Qc7 axb4 36. cxb4 Qxb4 37. Qd7 Qe7 38. Qxe7 Rxe7 39. Re3 Rd7 40. Ne6 Rd2 41. Rb3 Rxg2+ 42. Kh3 Rc2 43.
Rxb6 Kg8 44. Rb8+ Kf7 45. Ng5+ Kf6 46. Nxh7+ Ke5 47. Ng5 Kf4 48. Ne6+ Ke3 49. Rf8 Rc1 50. Ng5 Rh1+ 51. Kg3 f4+ 52. Rxf4 Rg1+ 53. Kh2 Rg2+ 54.
Kh3 Kxf4 55. Nxe4 Rg3+ 56. Nxg3 Kf3 57. Nf1 Kf4 58. Ng3 Kf3 59. Nf1 Kf4 60. Nd2 Ke3 61. Nc4+ Kf4 62. Nd6 g5 63. h5 g4+ 64. Kh4 g3 65.
Kh3 Kg5 66. Ne8 g2 67. Kxg2 Kxh5 1/2-1/2